 Dungeon Crawl Stone Soup version 0.21.1-1-g345015f (webtiles) character file.

47 wolf the Charlatan (level 3, 0/18 HPs)
             Began as a Spriggan Artificer on Mar 16, 2018.
             Slain by a kobold
             ... wielding a +0 short sword
              (4 damage)
             ... on level 2 of the Dungeon.
             The game lasted 00:06:44 (1166 turns).

wolf the Charlatan (Spriggan Artificer)             Turns: 1166, Time: 00:06:45

Health: 0/18       AC:  2    Str:  8    XL:     3   Next: 48%
Magic:  7/7        EV: 19    Int: 13    God:
Gold:   61         SH:  0    Dex: 16    Spells: 2/2 levels left

rFire    . . .     SeeInvis +   a - +0 short sword
rCold    . . .     Gourm    .   (shield restricted)
rNeg     . . .     Faith    .   b - +0 robe
rPois    .         Spirit   .   (helmet restricted)
rElec    .         Reflect  .   (no cloak)
rCorr    .         Harm     .   (gloves unavailable)
MR       .....                  (boots unavailable)
Stlth    ++........             (no amulet)
HPRegen  0.06/turn              (no ring)
MPRegen  0.10/turn              (no ring)

@: very quick
A: very small, unfitting armour, see invisible, herbivore, speed 3, slow
metabolism 2
a: no special abilities


You were on level 2 of the Dungeon.
You were not hungry.

You visited 1 branch of the dungeon, and saw 2 of its levels.

You collected 61 gold pieces.

Inventory:

Hand Weapons
 a - a +0 short sword (weapon)
Armour
 b - a +0 robe (worn)
 l - a +0 pair of gloves
Wands
 c - a wand of flame (11)
 d - a wand of enslavement (14)
 e - a wand of random effects (15)
Scrolls
 i - a scroll of random uselessness {unknown}
 j - a scroll of enchant armour {unknown}
 k - a scroll of teleportation {unknown}
 m - a scroll of remove curse {unknown}
 n - a scroll of amnesia {unknown}
 p - a scroll of identify {unknown}
Potions
 g - 2 potions of invisibility {unknown}
 h - a potion of heal wounds {unknown}
 o - a potion of curing {unknown}
Comestibles
 f - 3 rations


   Skills:
 + Level 1.3 Fighting
 + Level 1.9 Short Blades
 + Level 3.6 Dodging
 + Level 2.7 Stealth
 + Level 4.5 Evocations


You had 2 spell levels left.
You didn't know any spells.

Dungeon Overview and Level Annotations

Branches:
Dungeon (2/15)

Altars:


Innate Abilities, Weirdness & Mutations

You are very small and have problems with some larger weapons.
You are too small for most types of armour.
You have supernaturally acute eyesight. (SInv)
You are a herbivore.
You cover ground extremely quickly.
You need consume almost no food.


Message History

Your adder poisons the worm!
The kobold hits you with a short sword. What are your orders? t - Shout!
Orders for allies: a - Attack new target. p - Attack previous target. r - Retreat! s - Stop attacking. g - Guard the area. f - Follow me.
Anything else - Cancel.
Guard this area!
Your adder bites the worm.
The worm dies!
The kobold hits you with a short sword.
You hit the kobold but do no damage.
Your adder closely misses the kobold.
Your adder bites the kobold.
The kobold hits you with a short sword.
You closely miss the kobold.
The kobold is moderately wounded.
Your adder barely misses the kobold.
The kobold hits you with a short sword.
* * * LOW HITPOINT WARNING * * *
You barely miss the kobold.
The kobold is moderately wounded.
Your adder barely misses the kobold.
The kobold hits you with a short sword.
You die...

#.# #..#
#.#..........##
.. ##.#
#.#.#######...)
#.## #.#. #....
#..# ...
..........
##.## ..#
#####..... #..#
..# #..... ##.#
..# #.....
#####.###.$#.#
#.....
#......@KS...#
#.....
#.###.###....#
...... #.#
....# ... ....#
##.# ....# ...
...... ...
....... .#
...##.#


You could see a kobold and a friendly adder.

Vanquished Creatures
  An adder (D:2)
  An ooze (D:1)
  3 giant cockroaches
  6 goblins
  2 hobgoblins (D:1)
  5 kobolds (D:1)
  6 bats
  2 frilled lizards
  7 rats
33 creatures vanquished.

Vanquished Creatures (collateral kills)
  A worm (D:2)
1 creature vanquished.

Grand Total: 34 creatures vanquished

Notes
Turn   | Place    | Note
-------+----------+-------------------------------------------
     0 | D:1      | wolf the Spriggan Artificer began the quest for the Orb.
     0 | D:1      | Reached XP level 1. HP: 9/9 MP: 4/4
   304 | D:1      | Reached skill level 1 in Fighting
   307 | D:1      | Reached XP level 2. HP: 13/14 MP: 6/6
   890 | D:2      | Reached XP level 3. HP: 18/18 MP: 7/7
  1166 | D:2      | Slain by a kobold

Skill      XL: |  1 |
---------------+----+-----
Fighting       | 1 |  1.3
Stealth        | 2 |  2.7
Short Blades   | |  1.9
Dodging        | |  3.6
Evocations     | |  4.5

Action                   || total
-------------------------++-------
Melee: Short sword       ||    99
Evoke: Wand              ||     5
 Stab: Sleeping          ||     4
       Distracted        ||     1
Armor: Robe              ||    15
Dodge: Dodged            ||    83
